 Dungeon Crawl Stone Soup version 0.23.2-11-gf996548c65 (webtiles) character file.

Game seed: 412214074571151296

35 boots the Insei (level 3, 0/23 HPs)
             Began as an Octopode Transmuter on June 5, 2019.
             Slain by a jackal (3 damage)
             ... on level 2 of the Dungeon.
             The game lasted 00:01:59 (617 turns).

boots the Insei (Octopode Transmuter)                Turns: 617, Time: 00:01:59

Health: 0/23       AC:  1    Str:  9    XL:     3   Next: 33%
Magic:  1/6        EV: 13    Int: 15    God:
Gold:   41         SH:  0    Dex: 13    Spells: 3/6 levels left

rFire    + . .     SeeInvis .     - Unarmed
rCold    . . .     Gourm    .   (no shield)
rNeg     . . .     Faith    .   (helmet restricted)
rPois    .         Spirit   .   (no amulet)
rElec    .         Reflect  .   e - ring of protection from fire
rCorr    .         Harm     .   (no ring)
MR       .....                  (no ring)
Stlth    +++.......             (no ring)
HPRegen  0.07/turn              (no ring)
MPRegen  0.10/turn              (no ring)
                                (no ring)
                                (no ring)

@: lethally poisoned (0 -> -4), appendage (expiring)
A: almost no armour, stealthy swim, amphibious, 8 rings, constrict 8, tentacle
spike 3, camouflage 1, gelatinous body 1
a: End Transformation


You were on level 2 of the Dungeon.
You were not hungry.
One of your tentacles had a temporary spike.
You visited 1 branch of the dungeon, and saw 2 of its levels.

You collected 41 gold pieces.

Inventory:

Missiles
 a - 10 arrows
Jewellery
 e - a ring of protection from fire (left tentacle)
Scrolls
 d - a scroll of random uselessness {unknown}
 f - a scroll of identify {unknown}
Potions
 g - a potion of brilliance {unknown}
 h - a potion of heal wounds {unknown}
Comestibles
 b - 3 chunks of flesh
 c - 5 rations


   Skills:
 + Level 1.0 Fighting
 - Level 2.0 Dodging
 + Level 1.0 Stealth
 + Level 3.8 Unarmed Combat
 + Level 2.3 Spellcasting
 + Level 2.2 Transmutations


You had 3 spell levels left.
You knew the following spells:

 Your Spells              Type           Power        Failure   Level  Hunger
a - Beastly Appendage     Tmut           #.....       9%          1    #......
b - Sticks to Snakes      Tmut           #.......     13%         2    ###....

Your spell library contained the following spells:

 Spells                   Type           Power        Failure   Level  Hunger
 Spider Form              Tmut/Pois      #.........   38%         3    ###....
 Ice Form                 Ice/Tmut       #.......     80%         4    #####..
 Blade Hands              Tmut           #.........   94%         5    ######.


Dungeon Overview and Level Annotations

Branches:
Dungeon (2/15)

Altars:
Uskayaw


Innate Abilities, Weirdness & Mutations

You cannot wear most types of armour.
You are very stealthy in the water. (Stealth+)
You are amphibious.
You can wear up to eight rings at the same time.
You can use your tentacles to constrict eight enemies at once.
Your skin changes colour to match your surroundings (Stealth+).
Your rubbery body absorbs attacks. (AC +1, EV +1)
One of your tentacles bears a large vicious spike.


Message History

You constrict the jackal.
You feel sick. The jackal bites you. x2
* * * LOW HITPOINT WARNING * * *
The jackal barely misses you.
You completely miss the jackal. Your grab misses the jackal.
You constrict the jackal, but do no damage.
The jackal barely misses you.
The jackal pauses to sniff the ground.
The jackal barely misses you. The jackal bites you.
* * * LOW HITPOINT WARNING * * *
The jackal misses you.
You tentacle-slap the jackal. You grab the jackal. You squeeze the jackal.
The jackal is moderately wounded.
You constrict the jackal, but do no damage. x2
* * * LOW HITPOINT WARNING * * *
You feel sick.
The jackal bites you but does no damage.
The jackal bites you.
* * * LOW HITPOINT WARNING * * *
The jackal bites you.
You die...

..... #...###########
.....++..............
....##...##.########
#..##...##.########
###.##...##.........
#....(...##.........
#..%.....##..(......
#........##.########
#..@h....##.#
#.hhh....##.#
#........##.#
#...††...##.
#####.....# #.....#
#.....# #.....#
.h....#


You could see 4 jackals.

Vanquished Creatures
  An adder (D:2)
  A leopard gecko (D:1)
  3 giant cockroaches
  3 goblins
  2 hobgoblins
  3 jackals (D:2)
  2 bats (D:1)
  5 kobolds
20 creatures vanquished.

Vanquished Creatures (collateral kills)
  A jackal (D:2)
1 creature vanquished.

Grand Total: 21 creatures vanquished

Notes
Turn   | Place    | Note
-------+----------+-------------------------------------------
     0 | D:1      | boots the Octopode Transmuter began the quest for the Orb.
     0 | D:1      | Reached XP level 1. HP: 13/13 MP: 3/3
   140 | D:1      | Reached XP level 2. HP: 17/18 MP: 5/5
   203 | D:1      | Learned a level 2 spell: Sticks to Snakes
   513 | D:2      | Noticed a +0 hand axe
   513 | D:2      | Noticed a +0 hand axe
   516 | D:2      | Found a hide-covered altar of Uskayaw.
   606 | D:2      | Reached XP level 3. HP: 18/23 MP: 2/6
   615 | D:2      | Reached skill level 1 in Stealth
   617 | D:2      | Slain by a jackal

Skill      XL: |  1  2  3 |
---------------+----------+-----
Stealth        | 1 |  1.0
Fighting       | |  1.0
Dodging        | |  2.0
Unarmed Combat | |  3.8
Spellcasting   | |  2.3
Transmutations | |  2.2

Action                   || total
-------------------------++-------
Melee: Unarmed           ||    44
       Constrict         ||    14
       Tentacles         ||     7
       Kick              ||     2
 Cast: Beastly Appendage ||     3
       Sticks to Snakes  ||     2
 Stab: Sleeping          ||     5
Armor: Skin              ||    10
Dodge: Dodged            ||    44
